[Event "ICC tourney 1905 (10 3)"]
[Site "Internet Chess Club"]
[Date "2020.07.05"]
[Round "2"]
[White "Pschaak"]
[Black "helavir"]
[Result "1-0"]
[ICCResult "Black resigns"]
[WhiteElo "2050"]
[BlackElo "2162"]
[Opening "Queen's pawn, Mason variation"]
[ECO "D00"]
[NIC "QP.08"]
[Time "12:41:22"]
[TimeControl "600+3"]

1. d4 d5 2. Bf4 Nf6 3. e3 c6 4. Nf3 Bg4 5. Nbd2 e6 6. h3 Bh5 7. c4 Bxf3 8.
Qxf3 Bb4 9. a3 Bxd2+ 10. Kxd2 Ne4+ 11. Ke1 a5 12. Bd3 Qb6 13. Bxe4 Qxb2 14.
Rb1 Qc3+ 15. Kd1 dxe4 16. Qxe4 Qxc4 17. Rxb7 O-O 18. Kd2 Qa2+ 19. Qc2 Qd5
20. Rhb1 Nd7 21. Qb3 Nf6 22. Qxd5 cxd5 23. f3 Rfc8 24. Rb8 Raxb8 25. Rxb8
Rxb8 26. Bxb8 Kf8 27. Bc7 a4 28. Kc3 Ke8 29. Kb4 Kd7 30. Be5 Ne8 31. Kxa4 f6
32. Bg3 g5 33. Kb5 Ng7 34. e4 dxe4 35. fxe4 f5 36. Be5 Nh5 37. exf5 exf5 38.
g4 fxg4 39. hxg4 Nf4 40. Bxf4 gxf4 41. Kc4 Kd6 42. a4 Kc6 43. Kd3 Kd5 44. a5
{Black resigns}
1-0

[Event "ICC tourney 1905 (10 3)"]
[Site "Internet Chess Club"]
[Date "2020.07.05"]
[Round "2"]
[White "NyzhnykIllia"]
[Black "dabbindino"]
[Result "1/2-1/2"]
[ICCResult "Game drawn by mutual agreement"]
[WhiteElo "1875"]
[BlackElo "1623"]
[Opening "QGD: Ragozin variation"]
[ECO "D38"]
[NIC "NI.27"]
[Time "12:41:33"]
[TimeControl "600+3"]

1. c4 Nf6 2. Nc3 e6 3. Nf3 d5 4. d4 Bb4 5. Qa4+ Nc6 6. Bg5 h6 7. Bxf6 Qxf6
8. e3 Bd7 9. Qb3 dxc4 10. Qxc4 O-O 11. Be2 Bxc3+ 12. bxc3 Rac8 13. O-O e5
14. Rab1 exd4 15. cxd4 b6 16. Rbc1 Rfd8 17. Qa6 Ra8 18. a3 Qd6 19. Rfd1 Na5
20. Rc3 Bc8 21. Qd3 Bb7 22. Qc2 Rac8 23. Rc1 c6 24. h3 Qf6 25. Ne5 c5 26.
Bg4 cxd4 27. Rxc8 Bxc8 28. Qxc8 Rxc8 29. Rxc8+ Kh7 30. Nd7 Qd6 31. e4 h5 32.
e5 Qxa3 33. Bxh5 d3 34. Bf3 d2 35. Be4+ Kh6 36. Kh2 d1=Q 37. f4 f5 38. exf6
gxf6 {Game drawn by mutual agreement} 1/2-1/2

[Event "ICC tourney 1905 (10 3)"]
[Site "Internet Chess Club"]
[Date "2020.07.05"]
[Round "2"]
[White "Venom2020"]
[Black "KnightHopper"]
[Result "1-0"]
[ICCResult "Black resigns"]
[WhiteElo "1885"]
[BlackElo "1820"]
[Opening "Sicilian: dragon, classical, 9.Nb3"]
[ECO "B74"]
[NIC "SI.16"]
[Time "12:41:15"]
[TimeControl "600+3"]

1. e4 c5 2. Nf3 d6 3. d4 cxd4 4. Nxd4 Nf6 5. Nc3 g6 6. Be3 Bg7 7. Be2 Nc6 8.
O-O O-O 9. Nb3 Be6 10. f4 Na5 11. f5 Bc4 12. Nxa5 Bxe2 13. Qxe2 Qxa5 14.
fxg6 hxg6 15. Bd4 Rac8 16. Rad1 Qc7 17. Kh1 Qc4 18. Qf3 Nd7 19. Nd5 Bxd4 20.
Nxe7+ Kh7 21. Qh3+ Kg7 22. Nxc8 Nf6 23. Nxd6 Qc5 24. Qg3 Be5 25. Nf5+ Kg8
26. Qe3 Qxc2 27. Ne7+ Kg7 28. Rd2 Ng4 29. Qe2 Rh8 30. Rxc2 Rxh2+ 31. Kg1
Bd4+ 32. Rf2 Bxf2+ 33. Qxf2 Nxf2 34. Kxh2 Nxe4 {Black resigns} 1-0

[Event "ICC tourney 1905 (10 3)"]
[Site "Internet Chess Club"]
[Date "2020.07.05"]
[Round "2"]
[White "Sina101"]
[Black "justinchess"]
[Result "0-1"]
[ICCResult "White resigns"]
[WhiteElo "1495"]
[BlackElo "2158"]
[Opening "Nimzo-Indian: S?misch, Capablanca variation"]
[ECO "E26"]
[NIC "NI.19"]
[Time "12:41:25"]
[TimeControl "600+3"]

1. d4 Nf6 2. c4 e6 3. Nc3 Bb4 4. a3 Bxc3+ 5. bxc3 c5 6. e3 Nc6 7. Bd3 b6 8.
Ne2 O-O 9. e4 Ne8 10. O-O Ba6 11. f4 f5 12. exf5 exf5 13. dxc5 bxc5 14. Ng3
Nd6 15. Be3 Qa5 16. Be2 Rf6 17. Qd5+ Kh8 18. Bxc5 Ne4 19. Bb4 Qxd5 20. cxd5
Nxg3 21. Bxa6 Nxb4 22. axb4 Nxf1 23. Kxf1 Rb6 24. Bd3 g6 25. Ke2 Kg7 26. Kd2
Kf6 27. Ra4 Rb7 28. c4 a5 29. bxa5 Rba7 30. Rb4 Rxa5 31. Rb6+ Ke7 32. Ke3
Ra2 33. c5 R8a5 34. Kd4 R5a4+ 35. Ke3 Ra5 36. Kd4 R5a4+ 37. Ke3 Ra7 38. Kd4
Rxg2 39. d6+ Kf6 40. c6 dxc6 41. Rxc6 Rd7 42. Kd5 Rd2 43. Rc3 Ra2 44. Kc6
Raa7 45. Bb5 Rd8 46. Kd5 Ra5 47. Rc5 Ra7 48. Rc6 h6 49. d7+ Kf7 50. Rd6 g5
51. fxg5 hxg5 52. Kc6 g4 53. Kb6 Raa8 54. Kc7 Ke7 55. Rh6 Ra7+ 56. Kb6 Raxd7
57. Rh7+ Ke6 58. Bxd7+ Rxd7 59. Rh6+ Ke5 60. Kc5 Rc7+ 61. Kb4 Ke4 62. Rf6 f4
63. Re6+ Kf3 64. Rh6 g3 65. hxg3 fxg3 66. Rf6+ Kg2 67. Kb5 Kg1 68. Kb6 Rc8
69. Kb7 Rc4 70. Kb6 g2 71. Kb5 Rh4 72. Kc5 Kh1 {White resigns} 0-1

[Event "ICC tourney 1905 (10 3)"]
[Site "Internet Chess Club"]
[Date "2020.07.05"]
[Round "2"]
[White "nicochasin"]
[Black "Kokoro"]
[Result "0-1"]
[ICCResult "White checkmated"]
[WhiteElo "1725"]
[BlackElo "1798"]
[Opening "Nimzovich-Larsen attack: modern variation"]
[ECO "A01"]
[NIC "VO.08"]
[Time "12:42:01"]
[TimeControl "600+3"]

1. b3 e5 2. Bb2 Nc6 3. c4 Nf6 4. Nc3 Bc5 5. g3 O-O 6. Bg2 Re8 7. d3 a5 8. e3
d6 9. Nge2 Bg4 10. h3 Be6 11. Rc1 Qd7 12. g4 h6 13. Ng3 Ba7 14. Qf3 Nb4 15.
Qe2 d5 16. a3 Nc6 17. cxd5 Nxd5 18. Na4 Nf6 19. Nc5 Bxc5 20. Rxc5 Bxb3 21.
O-O Bd5 22. Ne4 Bxe4 23. dxe4 b6 24. Rcc1 Nd8 25. f4 c5 26. Bxe5 Rxe5 27.
fxe5 Ne8 28. Rfd1 Qe7 29. Qb2 Rb8 30. Bf1 Nc6 31. Bc4 Nxe5 32. Bd5 Nd6 33.
Qf2 c4 34. Qf4 b5 35. Rb1 b4 36. axb4 axb4 37. Rd4 Rb6 38. Kg2 b3 39. Qf2
Nd3 40. Qd2 Qe5 41. Bxc4 Nxe4 42. Rd8+ Kh7 43. Bxd3 Qg3+ 44. Kh1 Qxh3+ 45.
Qh2 Qxe3 46. Qe2 Qxe2 47. Bxe2 Ng3+ 48. Kg2 Nxe2 49. Rb2 Nf4+ 50. Kg3 Rb4
51. Kf3 Kg6 52. Rd6+ f6 53. Ke3 Kg5 54. Kf3 Ng6 55. Rd5+ Ne5+ 56. Ke2 Kxg4
57. Ke3 Nc4+ 58. Kd3 Nxb2+ 59. Kc3 Rb7 60. Kxb2 f5 61. Rd6 g5 62. Rxh6 f4
63. Rf6 Kf3 64. Rc6 g4 65. Rc3+ Kg2 66. Rc4 Kg3 67. Rd4 f3 68. Rd3 Kg2 69.
Rd4 g3 70. Rg4 f2 71. Rf4 f1=Q 72. Rxf1 Kxf1 73. Kb1 g2 74. Kb2 g1=Q 75. Kb1
b2 76. Kc2 b1=Q+ 77. Kd2 Qd4# {White checkmated} 0-1

[Event "ICC tourney 1905 (10 3)"]
[Site "Internet Chess Club"]
[Date "2020.07.05"]
[Round "2"]
[White "destroyingeagle"]
[Black "investigator"]
[Result "0-1"]
[ICCResult "White checkmated"]
[WhiteElo "1430"]
[BlackElo "1597"]
[Opening "R?ti: King's Indian attack"]
[ECO "A05"]
[NIC "QP.11"]
[Time "12:41:12"]
[TimeControl "600+3"]

1. Nf3 Nf6 2. g3 g6 3. Bg2 Bg7 4. O-O O-O 5. d3 d6 6. e4 c5 7. Nh4 Nc6 8. f4
d5 9. e5 Ne8 10. c3 d4 11. c4 f6 12. exf6 exf6 13. Nf3 Nd6 14. Re1 Re8 15.
h3 Be6 16. Nbd2 Bf7 17. a3 Qc7 18. Nf1 Rxe1 19. Qxe1 a6 20. b3 b5 21. N3d2
bxc4 22. bxc4 Rb8 23. Qd1 Na5 24. Qc2 Be8 25. Rb1 Rb6 26. Rxb6 Qxb6 27. Ne4
Nxe4 28. Bxe4 Qb3 29. Qxb3 Nxb3 30. Bb2 g5 31. f5 h5 32. g4 hxg4 33. hxg4
Bf8 34. Kf2 Bd6 35. Ke2 Bf4 36. Bd5+ Kf8 37. Bb7 a5 38. Bd5 Ke7 39. Be4 Kd6
40. Kf3 Ba4 41. Ke2 Ke5 42. Kf3 Bc1 43. Bxc1 Nxc1 44. Nd2 Bd1+ 45. Kg3 Ne2+
46. Kf2 Kf4 47. Bf3 Nc3 48. Bxd1 Nxd1+ 49. Ke2 Nc3+ 50. Kf2 a4 51. Ne4 Nxe4+
52. dxe4 Kxe4 53. Ke2 Kf4 54. Kd3 Kxg4 55. Ke4 Kg3 56. Kd5 d3 57. Kxc5 d2
58. Kb6 d1=Q 59. c5 Kf4 60. c6 Qd6 61. Kb7 Kxf5 62. c7 Qxc7+ 63. Kxc7 g4 64.
Kb6 g3 65. Kb5 g2 66. Kxa4 g1=Q 67. Kb5 Qa1 68. a4 Ke4 69. a5 f5 70. Kb6 f4
71. a6 Qxa6+ 72. Kxa6 f3 73. Kb5 f2 74. Kc4 f1=Q+ 75. Kc3 Qd3+ 76. Kb2 Kd4
77. Ka2 Kc4 78. Kb2 Qd2+ 79. Ka3 Qe2 80. Ka4 Qa2# {White checkmated} 0-1

[Event "ICC tourney 1905 (10 3)"]
[Site "Internet Chess Club"]
[Date "2020.07.05"]
[Round "3"]
[White "kptl132"]
[Black "Xuanli28"]
[Result "0-1"]
[ICCResult "White resigns"]
[WhiteElo "1499"]
[BlackElo "1637"]
[Opening "Sicilian, Chekhover variation"]
[ECO "B53"]
[NIC "SI.02"]
[Time "13:15:53"]
[TimeControl "600+3"]

1. e4 c5 2. Nf3 d6 3. d4 cxd4 4. Qxd4 Nf6 5. c4 Nc6 6. Qd3 Bg4 7. Be2 g6 8.
Nc3 Bg7 9. O-O Nd7 10. Be3 Bxf3 11. Bxf3 Nce5 12. Qe2 Nxf3+ 13. Qxf3 Bxc3
14. bxc3 Qc7 15. Rab1 Ne5 16. Qe2 Nxc4 17. Bd4 O-O 18. Rb4 Na5 19. c4 Nc6
20. Qb2 Nxb4 21. Qxb4 b6 22. f4 Rac8 23. Rc1 e5 24. fxe5 dxe5 25. Ba1 Rfd8
{White resigns}
0-1

[Event "ICC tourney 1905 (10 3)"]
[Site "Internet Chess Club"]
[Date "2020.07.05"]
[Round "3"]
[White "GeneraLisimus"]
[Black "dopolian"]
[Result "1-0"]
[ICCResult "Black resigns"]
[WhiteElo "2877"]
[BlackElo "2103"]
[Opening "Giuoco Pianissimo"]
[ECO "C24"]
[NIC "IG.04"]
[Time "13:15:19"]
[TimeControl "600+3"]

1. e4 e5 2. Bc4 Nf6 3. d3 Bc5 4. Nf3 Nc6 5. c3 O-O 6. Bg5 h6 7. Bh4 g5 8.
Bg3 d6 9. a4 a5 10. Nbd2 Bg4 11. h4 Nh5 12. hxg5 hxg5 13. Nf1 Qf6 14. N1h2
Be6 15. Bxe6 fxe6 16. Ng4 Qg6 17. Nfxe5 dxe5 18. Rxh5 Rad8 19. Rh6 Qg7 20.
Qb3 Rxd3 21. Qxe6+ Qf7 22. Nf6+ {Black resigns} 1-0

[Event "ICC tourney 1905 (10 3)"]
[Site "Internet Chess Club"]
[Date "2020.07.05"]
[Round "3"]
[White "PushU2Blunders"]
[Black "Openyagami"]
[Result "1/2-1/2"]
[ICCResult "Game drawn by mutual agreement"]
[WhiteElo "2135"]
[BlackElo "2881"]
[Opening "Sicilian: Taimanov (Bastrikov) variation"]
[ECO "B47"]
[NIC "SI.40"]
[Time "13:15:29"]
[TimeControl "600+3"]

1. e4 c5 2. Nf3 Nc6 3. d4 cxd4 4. Nxd4 e6 5. Nc3 Qc7 6. Ndb5 Qb8 7. a3 a6 8.
Nd4 Nf6 9. Be3 Be7 10. f4 d6 11. Be2 O-O 12. O-O Bd7 13. g4 Nxd4 14. Qxd4 e5
15. Qd1 Bc6 16. Qd3 exf4 17. Bxf4 Qc7 18. g5 Nd7 19. Qe3 Ne5 20. Rad1 Rae8
21. Bh5 Nc4 22. Qd4 b5 23. b3 Nxa3 24. Rf2 a5 25. Bc1 b4 26. Nd5
{Game drawn by mutual agreement}
1/2-1/2

[Event "ICC tourney 1905 (10 3)"]
[Site "Internet Chess Club"]
[Date "2020.07.05"]
[Round "3"]
[White "Venegas"]
[Black "Kyle2007"]
[Result "1-0"]
[ICCResult "Black resigns"]
[WhiteElo "1658"]
[BlackElo "1499"]
[Opening "R?ti opening"]
[ECO "A30"]
[NIC "QP.10"]
[Time "13:15:32"]
[TimeControl "600+3"]

1. Nf3 c5 2. c4 Nc6 3. g3 g6 4. Bg2 Bg7 5. O-O e5 6. Nc3 Nge7 7. a3 O-O 8.
Rb1 a5 9. d3 d6 10. Nd2 Rb8 11. Nd5 Be6 12. b4 axb4 13. Nxe7+ Qxe7 14. axb4
Nxb4 15. Ba3 Nc6 16. Rb6 Qc7 17. Qb1 Nb4 18. Rxb4 cxb4 19. Bxb4 b5 20. c5
dxc5 21. Rc1 Rfc8 22. Bxc5 Bf8 23. Ne4 Bxc5 24. Rxc5 Qb6 25. Rxe5 b4 26. Qb2
Bf5 27. Rxf5 gxf5 28. Nf6+ Qxf6 29. Qxf6 b3 30. Bd5 Rf8 31. Qb2 Rb6 32. Bxb3
Rfb8 33. Bxf7+ Kxf7 34. Qe5 Kg6 35. h4 h5 36. Kg2 Rd8 37. Qe7 Rdd6 38. Qg5+
Kf7 39. Qxf5+ Rf6 40. Qxh5+ Ke7 41. Qc5+ Kd7 42. d4 Rbe6 43. d5 Re7 44. e4
Ref7 45. f4 Rg7 46. Qa7+ {Black resigns} 1-0

[Event "ICC tourney 1905 (10 3)"]
[Site "Internet Chess Club"]
[Date "2020.07.05"]
[Round "3"]
[White "Candychessguru"]
[Black "Aniketshukla"]
[Result "1-0"]
[ICCResult "Black resigns"]
[WhiteElo "1648"]
[BlackElo "1517"]
[Opening "QGD: Neo-orthodox variation, 7.Bh4"]
[ECO "D56"]
[NIC "QP.08"]
[Time "13:15:28"]
[TimeControl "600+3"]

1. d4 d5 2. Nf3 Nf6 3. c4 e6 4. Nc3 Be7 5. Bg5 h6 6. Bh4 O-O 7. e3 a6 8. c5
b6 9. b4 a5 10. a3 axb4 11. axb4 Rxa1 12. Qxa1 bxc5 13. bxc5 Ne4 14. Bxe7
Qxe7 15. Bd3 f5 16. Ne5 Nd7 17. Ng6 Qg5 18. Nxf8 Qxg2 19. Rf1 Nxf8 20. Nxe4
fxe4 21. Be2 c6 22. Kd2 Qxh2 23. Rh1 Qc7 24. Qa8 e5 25. dxe5 Qxe5 26. Qxc8
Qb2+ 27. Ke1 Qc1+ 28. Bd1 Qxc5 29. Qf5 Qc3+ 30. Kf1 Qc4+ 31. Kg2 c5 32. Bh5
d4 33. Qxe4 Ne6 34. Ra1 dxe3 35. Ra8+ Nf8 36. Qxc4+ {Black resigns} 1-0

[Event "ICC tourney 1905 (10 3)"]
[Site "Internet Chess Club"]
[Date "2020.07.05"]
[Round "3"]
[White "investigator"]
[Black "TjkTiger"]
[Result "0-1"]
[ICCResult "White resigns"]
[WhiteElo "1596"]
[BlackElo "2174"]
[Opening "English: symmetrical variation"]
[ECO "A37"]
[NIC "EO.28"]
[Time "13:16:05"]
[TimeControl "600+3"]

1. c4 c5 2. Nf3 g6 3. Nc3 Bg7 4. g3 Nc6 5. Bg2 d6 6. O-O Rb8 7. e3 Nh6 8. d4
cxd4 9. exd4 Bg4 10. Bxh6 Bxh6 11. h3 Bxf3 12. Bxf3 O-O 13. b3 Bg7 14. Bxc6
bxc6 15. Rc1 Qa5 16. Qd3 Rfe8 17. Rfe1 e6 18. Re2 d5 19. Na4 Red8 20. c5 Rb4
21. Qd2 Qb5 22. Nc3 Qb8 23. Qc2 Bxd4 24. Na4 Qxg3+ 25. Kf1 Qxh3+ 26. Ke1 Bf6
27. Re3 Qh1+ 28. Ke2 Qh5+ 29. f3 Rh4 {White resigns} 0-1

[Event "ICC tourney 1905 (10 3)"]
[Site "Internet Chess Club"]
[Date "2020.07.05"]
[Round "3"]
[White "ganzy"]
[Black "espark"]
[Result "0-1"]
[ICCResult "White resigns"]
[WhiteElo "1389"]
[BlackElo "1735"]
[Opening "Four knights: Spanish variation"]
[ECO "C48"]
[NIC "KP.03"]
[Time "13:15:20"]
[TimeControl "600+3"]

1. e4 e5 2. Nf3 Nc6 3. Nc3 Nf6 4. Bb5 Bd6 5. d3 a6 6. Ba4 h6 7. Nh4 O-O 8.
Nf5 Bc5 9. g4 d5 10. g5 hxg5 11. Bxg5 dxe4 12. Nxg7 Kxg7 13. Nxe4 Nxe4 14.
Bxd8 Bxf2+ 15. Ke2 Bg4+ 16. Kf1 Bxd1 17. dxe4 Raxd8 18. Kxf2 Bh5 19. Rhg1+
Kh6 20. Ke3 Rg8 21. Rgf1 Rd6 {White resigns} 0-1

[Event "ICC tourney 1905 (10 3)"]
[Site "Internet Chess Club"]
[Date "2020.07.05"]
[Round "3"]
[White "bpovo1394"]
[Black "nicochasin"]
[Result "0-1"]
[ICCResult "White resigns"]
[WhiteElo "1067"]
[BlackElo "1711"]
[Opening "Sicilian defense"]
[ECO "B40"]
[NIC "SI.43"]
[Time "13:15:26"]
[TimeControl "600+3"]

1. e4 c5 2. Nf3 e6 3. g3 Nc6 4. Bg2 Nf6 5. Qe2 d5 6. exd5 Nxd5 7. O-O Be7 8.
Rd1 Bf6 9. c3 O-O 10. d4 cxd4 11. cxd4 b6 12. Nc3 Bb7 13. Ne5 Nxc3 14. bxc3
Rc8 15. Ba3 Re8 16. Rac1 Qc7 17. f4 Na5 18. Bxb7 Qxb7 19. c4 Bxe5 20. fxe5
Qa6 21. Rf1 Nxc4 22. Qf2 Qb7 23. Bd6 Qd7 24. Qf4 Red8 25. h4 h6 26. g4 Nxd6
27. exd6 Rxc1 28. Rxc1 Qxd6 29. Qxd6 Rxd6 30. Rc8+ Kh7 31. Rc7 Rxd4
{White resigns}
0-1

[Event "ICC tourney 1905 (10 3)"]
[Site "Internet Chess Club"]
[Date "2020.07.05"]
[Round "3"]
[White "Kokoro"]
[Black "NyzhnykIllia"]
[Result "0-1"]
[ICCResult "White checkmated"]
[WhiteElo "1787"]
[BlackElo "1887"]
[Opening "English: Bremen system, Keres variation"]
[ECO "A23"]
[NIC "EO.12"]
[Time "13:15:56"]
[TimeControl "600+3"]

1. c4 e5 2. Nc3 Nf6 3. g3 c6 4. d4 Bd6 5. Bg2 Qe7 6. Nf3 e4 7. Ng5 Bb4 8.
Qc2 d5 9. a3 Ba5 10. h4 O-O 11. O-O Bf5 12. Qb3 Qd7 13. Kh2 h6 14. Nh3 dxc4
15. Qxc4 b5 16. Qb3 Qxd4 17. Rd1 Qb6 18. f3 exf3 19. exf3 Nbd7 20. Ne4 Bxe4
21. fxe4 Ne5 22. Bf4 Nfg4+ 23. Kh1 Rad8 24. Qc2 b4 25. axb4 Bxb4 26. Qe2
Rxd1+ 27. Rxd1 Rd8 28. h5 Bc5 29. Rf1 Qb5 30. Qc2 Be3 31. Re1 Rd2 32. Qc3
Re2 33. Bf1 Rh2# {White checkmated} 0-1

[Event "ICC tourney 1905 (10 3)"]
[Site "Internet Chess Club"]
[Date "2020.07.05"]
[Round "3"]
[White "Wizard98"]
[Black "Venom2020"]
[Result "1-0"]
[ICCResult "Black resigns"]
[WhiteElo "2209"]
[BlackElo "1881"]
[Opening "Dutch with c4 & Nc3"]
[ECO "A85"]
[NIC "HD.05"]
[Time "13:15:27"]
[TimeControl "600+3"]

1. c4 f5 2. Nc3 Nf6 3. d4 g6 4. h4 d6 5. h5 Nxh5 6. Rxh5 gxh5 7. e4 fxe4 8.
Qxh5+ Kd7 9. Nxe4 Qe8 10. Qh4 Nc6 11. Nf3 Kd8 12. Bd2 Bg7 13. Bd3 Bd7 14.
Bc3 Kc8 15. O-O-O Qg6 16. d5 Qh6+ 17. Qxh6 Bxh6+ 18. Kb1 Ne5 19. Nxe5 dxe5
20. Bxe5 Rg8 21. Nc5 Be8 22. Bf5+ Kb8 23. Ne6 Bg6 24. Bxg6 Rxg6 25. Nxc7
Rxg2 26. Nxa8+ Kxa8 27. d6 exd6 28. Rxd6 Bg5 29. f4 Bh4 30. Rh6 Rg4 31. Rxh7
a6 32. Rh8+ Ka7 33. c5 b5 34. Rh7+ Ka8 35. c6 Bf2 36. Rh8+ Ka7 37. c7
{Black resigns}
1-0

[Event "ICC tourney 1905 (10 3)"]
[Site "Internet Chess Club"]
[Date "2020.07.05"]
[Round "3"]
[White "GutsyEdge"]
[Black "RagingKnightNC"]
[Result "0-1"]
[ICCResult "White resigns"]
[WhiteElo "1101"]
[BlackElo "1546"]
[Opening "King's Indian: accelerated Averbakh system"]
[ECO "E70"]
[NIC "KI.31"]
[Time "13:16:13"]
[TimeControl "600+3"]

1. d4 Nf6 2. c4 g6 3. Nc3 Bg7 4. e4 d6 5. Bg5 Nc6 6. Nf3 O-O 7. Be2 h6 8.
Be3 e5 9. d5 Ne7 10. Qd2 Kh7 11. O-O-O Ne8 12. h3 f5 13. g3 Nf6 14. exf5
gxf5 15. Nh4 Bd7 16. f4 Qe8 17. Rhf1 Nh5 18. Bxh5 Qxh5 19. Qe2 Qxe2 20. Nxe2
Bf6 21. Ng2 Rg8 22. Bf2 Be8 23. Rde1 b5 24. b3 a5 25. fxe5 dxe5 26. Ne3 a4
27. Nc2 axb3 28. axb3 bxc4 29. bxc4 Bg6 30. Bc5 Nc8 31. g4 f4 32. Nc3 Nd6
33. Bxd6 cxd6 34. Ne4 Bh4 35. Re2 Be7 36. h4 Bxe4 37. Rxe4 Bxh4 38. c5 dxc5
39. Rxe5 Rxg4 40. d6 Rd8 41. Rd1 Rg6 42. d7 Rg7 43. Red5 f3 44. Ne3 Bg5 45.
R1d3 Bxe3+ 46. Rxe3 Rdxd7 47. Rxd7 Rxd7 48. Rxf3 Kg6 49. Kc2 h5 50. Rg3+ Kf5
51. Kc3 h4 52. Rg8 Rd5 53. Kc4 Re5 54. Rh8 Kg4 55. Rg8+ Rg5 56. Rf8 h3 57.
Rf1 h2 58. Rc1 Kh3 59. Kd3 Rg1 {White resigns} 0-1

[Event "ICC tourney 1905 (10 3)"]
[Site "Internet Chess Club"]
[Date "2020.07.05"]
[Round "3"]
[White "taupuri"]
[Black "Ktsuei1102"]
[Result "0-1"]
[ICCResult "White resigns"]
[WhiteElo "1231"]
[BlackElo "1353"]
[Opening "Queen's bishop game"]
[ECO "D02"]
[NIC "QP.08"]
[Time "13:15:25"]
[TimeControl "600+3"]

1. d4 d5 2. Nf3 Nf6 3. Bf4 Bf5 4. e3 e6 5. c4 c6 6. Qb3 Qc8 7. Nc3 Nbd7 8.
Be2 Be7 9. O-O O-O 10. Nh4 Bg6 11. Nxg6 hxg6 12. Bf3 Nb6 13. c5 Nbd7 14. Qc2
b6 15. b4 Nh5 16. Bxh5 gxh5 17. h3 Bf6 18. Qd3 e5 19. Bg3 e4 20. Qe2 h4 21.
Bd6 Re8 22. Rfc1 bxc5 23. bxc5 Nf8 24. Rab1 Ng6 25. Rb3 Ne7 26. Rcb1 Nf5 27.
Bh2 Qe6 28. a4 Bxd4 29. exd4 Nxd4 30. Qd2 Nxb3 31. Rxb3 d4 32. Rb7 dxc3 33.
Qxc3 Rad8 34. Bd6 Qd5 35. Rxa7 Ra8 36. Qa5 Rxa7 37. Qxa7 e3 38. fxe3 Rxe3
39. Qb8+ Kh7 40. Qb1+ g6 41. Qc2 Re1+ 42. Kh2 Qd4 {White resigns} 0-1

[Event "ICC tourney 1905 (10 3)"]
[Site "Internet Chess Club"]
[Date "2020.07.05"]
[Round "3"]
[White "RisingRook"]
[Black "jy2020"]
[Result "0-1"]
[ICCResult "White checkmated"]
[WhiteElo "1588"]
[BlackElo "1931"]
[Opening "Sicilian: Canal-Sokolsky (Nimzovich-Rossolimo, Moscow) attack"]
[ECO "B51"]
[NIC "SI.01"]
[Time "13:15:19"]
[TimeControl "600+3"]

1. e4 c5 2. Nf3 d6 3. Bb5+ Nd7 4. O-O a6 5. Bd3 Ngf6 6. c3 b5 7. Bc2 c4 8.
d4 cxd3 9. Bxd3 Bb7 10. Re1 Nc5 11. Bg5 e6 12. Bc2 Be7 13. Nbd2 h6 14. Bf4
O-O 15. Qe2 e5 16. Be3 Ncxe4 17. Nxe4 Nxe4 18. Bxe4 Bxe4 19. Bb6 Qxb6 20.
Qxe4 Rac8 21. Rad1 Kh8 22. Nd2 f5 23. Qd5 Rc5 24. Qe6 Qc7 25. Nb3 Rf6 26.
Nxc5 Rxe6 27. Nxe6 Qa7 28. Rd3 Kg8 29. Rde3 Kf7 30. Nd4 exd4 31. Rxe7+ Qxe7
32. Rxe7+ Kxe7 33. cxd4 Ke6 34. Kf1 Kd5 35. Ke2 Kxd4 36. Kd2 f4 37. f3 b4
38. g3 fxg3 39. hxg3 h5 40. f4 g6 41. a3 bxa3 42. bxa3 Kc4 43. Kc2 a5 44.
Kb2 Kd3 45. Kb3 d5 46. Ka4 Kc4 47. Kxa5 d4 48. Kb6 Kb3 49. Kb5 d3 50. a4 d2
51. a5 d1=Q 52. a6 Qd5+ 53. Kb6 Qa8 54. a7 Kb4 55. Ka6 Kc5 56. f5 gxf5 57.
g4 hxg4 58. Ka5 Qxa7# {White checkmated} 0-1

[Event "ICC tourney 1905 (10 3)"]
[Site "Internet Chess Club"]
[Date "2020.07.05"]
[Round "3"]
[White "justinchess"]
[Black "manest"]
[Result "0-1"]
[ICCResult "White forfeits on time"]
[WhiteElo "2157"]
[BlackElo "2785"]
[Opening "QGD: 4.Nf3"]
[ECO "D37"]
[NIC "QP.09"]
[Time "13:15:32"]
[TimeControl "600+3"]

1. Nf3 d5 2. d4 Nf6 3. c4 e6 4. Nc3 a6 5. cxd5 exd5 6. Bf4 c5 7. dxc5 Bxc5
8. e3 Nc6 9. Be2 O-O 10. O-O d4 11. exd4 Nxd4 12. Nxd4 Bxd4 13. Qb3 Qa5 14.
Bf3 Be6 15. Qc2 Qb6 16. Rad1 Rfd8 17. Qa4 Rac8 18. Be2 Qxb2 19. Rxd4 Rxd4
20. Qxd4 Qxc3 21. Qa7 Bd5 22. Rc1 Qxc1+ 23. Bxc1 Rxc1+ 24. Bf1 g6 25. Qe3
Rb1 26. Qd3 Be4 27. Qd4 Kg7 28. g4 g5 29. h4 h6 30. hxg5 hxg5 31. Qc4 b5 32.
Qe2 a5 33. f3 Bg6 34. Qe5 a4 35. Qxg5 b4 36. f4 b3 37. axb3 axb3 38. f5 b2
39. fxg6 Rxf1+ 40. Kxf1 b1=Q+ 41. Kg2 Qxg6 {White forfeits on time} 0-1

[Event "ICC tourney 1905 (10 3)"]
[Site "Internet Chess Club"]
[Date "2020.07.05"]
[Round "3"]
[White "KnightHopper"]
[Black "chessmate09520"]
[Result "1-0"]
[ICCResult "Black resigns"]
[WhiteElo "1820"]
[BlackElo "1325"]
[Opening "Sicilian defense"]
[ECO "B32"]
[NIC "SI.31"]
[Time "13:15:47"]
[TimeControl "600+3"]

1. e4 c5 2. Nf3 Nc6 3. d4 cxd4 4. c3 Nf6 5. e5 Nd5 6. cxd4 g6 7. Bc4 Nb6 8.
Bb3 Bg7 9. Nc3 O-O 10. O-O d6 11. e6 fxe6 12. Ng5 Nxd4 13. Be3 Nxb3 14. Qxb3
d5 15. Rad1 h6 16. Nf3 Kh7 17. Rfe1 Nc4 18. Bd4 a6 19. Qc2 Qe8 20. b3 Nd6
21. Bxg7 Kxg7 22. Qb2 Kh7 23. Ne5 b5 24. Ne2 Ne4 25. f3 Nd6 26. Nd4 h5 27.
Rc1 Rf6 28. Rc7 Qd8 29. Rec1 Nc4 30. Rxc8 Nxb2 31. Rxd8 Rxd8 32. Rb1 Rc8 33.
Rxb2 Rc3 34. Kf2 Kg7 35. Ke2 g5 36. h3 Rh6 37. Ndc6 g4 38. Kd2 Rc5 39. b4
Rc4 40. Nxc4 dxc4 41. fxg4 hxg4 42. hxg4 Rh2 43. Ke3 Rh6 44. Kd4 Kf6 45. Ne5
Rh8 46. Rf2+ Kg5 47. Nf7+ {Black resigns} 1-0

[Event "ICC tourney 1905 (10 3)"]
[Site "Internet Chess Club"]
[Date "2020.07.05"]
[Round "3"]
[White "DanLapan"]
[Black "IAlwaysWin"]
[Result "1-0"]
[ICCResult "Black forfeits on time"]
[WhiteElo "1574"]
[BlackElo "1527"]
[Opening "Caro-Kann: classical variation"]
[ECO "B18"]
[NIC "CK.10"]
[Time "13:15:42"]
[TimeControl "600+3"]

1. e4 c6 2. d4 d5 3. Nd2 dxe4 4. Nxe4 Bf5 5. Ng3 Bg6 6. N1e2 Nd7 7. Nf4 e5
8. dxe5 Nxe5 9. Qe2 Qe7 10. Nxg6 hxg6 11. Bf4 Qb4+ 12. Qd2 Qxd2+ 13. Bxd2
Nf6 14. Be2 Bd6 15. f4 Ned7 16. O-O-O Nd5 17. Ne4 Bxf4 18. Bxf4 Nxf4 19.
Nd6+ Kf8 20. Bc4 Ne5 21. Rhf1 Nxc4 22. Nxc4 Ne6 23. Rd7 f6 24. Re1 Re8 25.
Rxb7 Rh4 26. Nd6 Re7 27. Rb8+ {Black forfeits on time} 1-0